 Dungeon Crawl Stone Soup version 0.30.0-15-g856e2d3f33 (webtiles) character file.

Game seed: 7849372241472918077

9 SnakkuSnakku7 the Vexing (level 2, 0/24 HPs)
             Began as a Ghoul Hexslinger on May 20, 2023.
             Slain by a goblin
             ... wielding a +2 dagger of speed
              (2 damage)
             ... on level 1 of the Dungeon.
             The game lasted 00:00:31 (248 turns).

SnakkuSnakku7 the Vexing (Ghoul Hexslinger)          Turns: 248, Time: 00:00:32

Health: 0/24       AC:  2    Str: 13    XL:     2   Next: 12%
Magic:  2/2        EV: 12    Int:  8    God:
Gold:   27         SH:  0    Dex:  9    Spells: 2/3 levels left

rFire   . . .        a - +1 sling
rCold   + . .        (no shield)
rNeg    + + +        c - +0 robe
rPois   ∞            (no helmet)
rElec   .            (no cloak)
rCorr   .            (no gloves)
SInv    .            (no boots)
Will    .....        (no amulet)
Stlth   +            (no ring)
HPRegen 0.00/turn    (no ring)
MPRegen 0.08/turn

%: no passive effects
@: inhibited regen
A: claws 1, cold resistance 1, negative energy resistance 3, inhibited
regeneration, torment resistance 2, devour on kill
a: no special abilities


You were on level 1 of the Dungeon.
You visited 1 branch of the dungeon, and saw 1 of its levels.

You collected 27 gold pieces.

Inventory:

Hand Weapons
 a - a +1 sling (weapon)
Armour
 c - a +0 robe (worn)
Scrolls
 b - a scroll of poison
 e - 2 scrolls of teleportation {unknown}
 f - a scroll of blinking {unknown}
Potions
 d - a potion of curing {unknown}


   Skills:
 + Level 1.8 Fighting
 - Level 1.7 Ranged Weapons
 - Level 1.7 Dodging
 + Level 1.2 Unarmed Combat
 - Level 1.0 Spellcasting
 - Level 2.4 Hexes


You had 2 spell levels left.
You knew the following spells:

 Your Spells              Type           Power      Damage    Failure   Level
a - Slow                  Hex            16%        N/A       16%         1

Your spell library contained the following spells:

 Spells                   Type           Power      Damage    Failure   Level
 Inner Flame              Hex/Fire       2%         N/A       58%         3
 Portal Projectile        Hex/Tloc       4%         N/A       58%         3
 Cause Fear               Hex            2%         N/A       83%         4


Dungeon Overview and Level Annotations

Branches:
Dungeon (1/15)

Altars:


Innate Abilities, Weirdness & Mutations

You are immune to poison.
You have sharp fingernails.
Your flesh is cold resistant. (rC+)
You are immune to negative energy. (rN+++)
You do not regenerate when monsters are visible.
You are immune to unholy pain and torment.
You thrive by killing the living.


Message History

The goblin misses you.
The goblin hits you with a +2 dagger of speed.
Unknown command.
You are too injured to fight recklessly!
Unknown command.
You are too injured to fight recklessly!
You are too injured to fight recklessly!
Unknown command.
Unknown command.
You are too injured to fight recklessly!
You are too injured to fight recklessly!
Unknown command.
You shoot a sling bullet. The sling bullet hits the goblin.
The goblin is heavily wounded.
The goblin hits you with a +2 dagger of speed.
The goblin closely misses you.
You shoot a sling bullet.
The sling bullet hits the goblin but does no damage.
The goblin is heavily wounded.
The goblin barely misses you. x2
You shoot a sling bullet. The sling bullet hits the goblin.
The goblin is almost dead.
The goblin hits you with a +2 dagger of speed.
* * * LOW HITPOINT WARNING * * *
The goblin barely misses you.
You shoot a sling bullet.
The sling bullet closely misses the goblin.
The goblin hits you with a +2 dagger of speed.
* * * LOW HITPOINT WARNING * * *
The goblin hits you with a +2 dagger of speed.
* * * LOW HITPOINT WARNING * * *
Unknown command.
You shoot a sling bullet.
The sling bullet closely misses the goblin.
The goblin barely misses you. The goblin closely misses you.
You shoot a sling bullet.
The sling bullet hits the goblin but does no damage.
The goblin is severely wounded.
The goblin hits you with a +2 dagger of speed.
You die...

... ####### #...
...####.....#####...
......+.....+...'...
......#.....#####...
...............†.... #.
.##....>############
#... #####........#....
#....######..........#.#
.....)g@................
#.#..##.........##.#....
# #.######..##.###.# #.#
#..#.#.... #.#
##....#.#.# #.#
...#....#.# #.#
...)....#.# #.#
.####.#.#.# #.
..........#


You could see a goblin.

Vanquished Creatures
  3 bats (D:1)
  2 endoplasms (D:1)
  A hobgoblin (D:1)
  A ball python (D:1)
  A kobold (D:1)
8 creatures vanquished.

Notes
Turn   | Place    | Note
-------+----------+-------------------------------------------
     0 | D:1      | SnakkuSnakku7 the Ghoul Hexslinger began the quest for the
                  | Orb.
     0 | D:1      | Reached XP level 1. HP: 16/16 MP: 1/1
   234 | D:1      | Reached skill level 1 in Unarmed Combat
   236 | D:1      | Reached XP level 2. HP: 21/24 MP: 2/2
   248 | D:1      | Slain by a goblin

Illustrated notes

Levels and vault maps discovered:
D:1:      dpeg_arrival_arbitrary_b, layout_basic,
          shapermc_ecumenical_altar_acropolis, minmay_domino_4

Skill      XL: |  1 |
---------------+----+-----
Unarmed Combat | 1 |  1.2
Fighting       | |  1.8
Ranged Weapons | |  1.7
Dodging        | |  1.7
Spellcasting   | |  1.0
Hexes          | |  2.4

Action                     || total
---------------------------++-------
   Fire: Sling             ||    29
 Armour: Robe              ||     4
  Dodge: Dodged            ||    14
